 Dungeon Crawl Stone Soup version 0.32-a0-913-g739538afd8 (webtiles) character file.

Game seed: 14357636603772174552

65 Cancer the Digger (level 4, -1/24 HPs)
             Began as a Gargoyle Earth Elementalist on Apr 9, 2024.
             Slain by a goblin
             ... wielding a +2 dagger of venom
             ... led by Robin
              (3 damage)
             ... on level 2 of the Dungeon.
             The game lasted 00:03:29 (1911 turns).

Cancer the Digger (Gargoyle Earth Elementalist)     Turns: 1911, Time: 00:03:29

Health: -1/24      AC:  5    Str: 12    XL:     4   Next: 14%
Magic:  2/8        EV: 11    Int: 17    God:
Gold:   87         SH:  0    Dex: 10    Spells: 7/8 levels left

rFire   . . .        g - staff of death
rCold   . . .        (no shield)
rNeg    + + .        a - +0 robe
rPois   ∞            (no helmet)
rElec   +            (no cloak)
rCorr   .            (no gloves)
SInv    .            (no boots)
Will    .....        (no amulet)
Stlth   ++           (no ring)
HPRegen 0.24/turn    (no ring)
MPRegen 0.11/turn

%: no passive effects
@: no status effects
A: sickness immunity, AC +3, negative energy resistance 1, electricity
resistance, torment resistance 1, petrification resistance
a: no special abilities


You were on level 2 of the Dungeon.
You visited 1 branch of the dungeon, and saw 2 of its levels.

You collected 87 gold pieces.

Inventory:

Armour
 a - a +0 robe (worn)
Magical Staves
 g - a staff of death (weapon)
Scrolls
 c - a scroll of fog {unknown}
 d - a scroll of identify {unknown}
 e - a scroll of enchant armour {unknown}
 f - a scroll of blinking {unknown}
Potions
 b - a potion of magic


   Skills:
 - Level 1.5 Dodging
 - Level 2.1 Stealth
 + Level 2.8 Spellcasting
 + Level 2.4 Conjurations
 + Level 4.4 Earth Magic


You had 7 spell levels left.
You knew the following spells:

 Your Spells              Type           Power      Damage    Failure   Level
a - Sandblast             Erth           34%        2d9       2%          1

Your spell library contained the following spells:

 Spells                   Type           Power      Damage    Failure   Level
 Passwall                 Erth           17%        N/A       9%          3
 Stone Arrow              Conj/Erth      28%        3d8       13%         3
 Apportation              Tloc           4%         N/A       19%         1
 Jinxbite                 Hex            4%         N/A       26%         2
 Brom's Barrelling Bould  Conj/Erth      14%        2d4       38%         4
 Petrify                  Alch/Erth      10%        N/A       56%         4
 Alistair's Intoxication  Alch           1%         N/A       99%         5


Dungeon Overview and Level Annotations

Branches:
Dungeon (2/15)

Altars:
Trog


Innate Abilities, Weirdness & Mutations

You are immune to sickness and miasma.
Your stone body is resilient. (AC +3)
You are immune to poison.
You resist negative energy. (rN+)
You are resistant to electric shocks. (rElec)
You are resistant to unholy torment.
You are immune to petrification.


Message History

Robin hits you but does no damage.
Casting: Sandblast (safe; 3% risk of failure)
Confirm with . or Enter, or press ? or * to list all spells.
Aiming: Sandblast (safe; 3% risk of failure)
Press: ? - help, Shift-Dir - straight line, f/p - Robin
Aim: Robin, wielding a +4 spear of venom, wearing a +0 animal skin, wearing a +0 helmet and carrying a wand of warping (heavily wounded, 87% to hit)
The blast of sand hits Robin.
Robin is severely wounded.
The goblin barely misses you.
Robin roars a battlecry!
You hear a shout!
Casting: Sandblast (safe; 3% risk of failure)
Confirm with . or Enter, or press ? or * to list all spells.
Aiming: Sandblast (safe; 3% risk of failure)
Press: ? - help, Shift-Dir - straight line, f/p - Robin
Aim: Robin, wielding a +4 spear of venom, wearing a +0 animal skin, wearing a +0 helmet and carrying a wand of warping (severely wounded, 87% to hit)
The blast of sand hits Robin.
Robin is almost dead.
The goblin hits you with a +0 club. Robin throws the goblin at you!
The goblin hits you with a +0 club.
The goblin hits you with a +2 dagger of venom.
Robin closely misses you.
Casting: Sandblast (safe; 3% risk of failure)
Confirm with . or Enter, or press ? or * to list all spells.
Aiming: Sandblast (safe; 3% risk of failure)
Press: ? - help, Shift-Dir - straight line, f/p - Robin
Aim: Robin, wielding a +4 spear of venom, wearing a +0 animal skin, wearing a +0 helmet and carrying a wand of warping (almost dead, 87% to hit)
The blast of sand hits Robin.
You kill Robin!
The goblin hits you with a +2 dagger of venom.
* * * LOW HITPOINT WARNING * * *
The goblin barely misses you.
Your magical contamination has completely faded away.
You have reached level 4!
You feel stronger.
Unknown command.
The goblin barely misses you. The goblin attacks as it pursues you!
The goblin hits you with a +2 dagger of venom.
You die...

#.###.....###...###..
#...................
#......ß........#
#....†..........## .
#####.†...###....####
..
##..#...#'.##...)..#
####.
#...#...#...#g.###.##
.... #<.##...##.>##g#
#..## #..
#####...######@#
##..#####.#
##.........#
##..g..#.#
########### #####...#
##..# ####.#
#....#### #.......†
#........ #........


You could see 2 goblins.

Vanquished Creatures
  Robin (D:2)
  An adder (D:2)
  2 dart slugs
  6 endoplasms (D:1)
  2 giant cockroaches
  2 goblins (D:1)
  7 hobgoblins
  4 kobolds (D:1)
  4 quokkas
  3 ball pythons
  2 bats (D:1)
  2 frilled lizards (D:1)
  2 rats (D:1)
38 creatures vanquished.

Notes
Turn   | Place    | Note
-------+----------+-------------------------------------------
     0 | D:1      | Cancer the Gargoyle Earth Elementalist began the quest for
                  | the Orb.
     0 | D:1      | Reached XP level 1. HP: 10/10 MP: 3/3
   270 | D:1      | Reached XP level 2. HP: 14/15 MP: 3/5
   473 | D:1      | Reached skill level 4 in Earth Magic
   740 | D:1      | Reached XP level 3. HP: 19/19 MP: 3/6
  1758 | D:2      | Noticed Robin
  1841 | D:2      | Found a bloodstained altar of Trog.
  1909 | D:2      | Killed Robin
  1910 | D:2      | Reached XP level 4. HP: 2/24 MP: 1/8
  1911 | D:2      | Slain by a goblin

Illustrated notes

Levels and vault maps discovered:
D:1:      onia_arrival_mini_spirals, layout_basic, minmay_misc_feat_ornament,
          minmay_pentomino_w4
D:2:      layout_rooms, basic_altar, nrook_mini_vaults, grunt_ministairs_6,
          uniq_robin

Skill      XL: |  1  2 |
---------------+-------+-----
Earth Magic    | 4 |  4.4
Conjurations   | 2 |  2.4
Dodging        | |  1.5
Stealth        | |  2.1
Spellcasting   | |  2.8

Action                     |  1- 3 |  4- 6 || total
---------------------------+-------+-------++-------
  Melee: Unarmed           |     8 |       ||     8
   Cast: Sandblast         |    58 |       ||    58
 Armour: Robe              |    34 |     1 ||    35
  Dodge: Dodged            |    36 |     1 ||    37

Table legend: (Time is in decaauts)
 A = Elapsed time spent in this place.
 B = Non-inter-level travel time spent in this place.
 C = Inter-level travel time spent in this place.
 D = Time resting spent in this place.
 E = Time spent auto-exploring this place.
 F = Levels seen in this place.
 G = Mean time per level.
                   A        B        C        D        E       F      G
               +--------+--------+--------+--------+--------+-----+--------+
         Total |   1939 |   1534 |    405 |      0 |   1183 |   2 |  969.5 |
       Dungeon |   1939 |   1534 |    405 |      0 |   1183 |   2 |  969.5 |
               +--------+--------+--------+--------+--------+-----+--------+

Top non-repeatable levels by time:
     D:1: 1728 daAuts
     D:2: 211 daAuts
